 Dungeon Crawl Stone Soup version 0.28.0 (webtiles) character file.

Game seed: 3135196983915093642

4 Findor the Bolt Thrower (level 1, -2/12 HPs)
             Began as a Kobold Hunter on Feb 14, 2022.
             Frozen to death by an endoplasm (4 damage)
             ... on level 1 of the Dungeon.
             The game lasted 00:00:49 (340 turns).

Findor the Bolt Thrower (Kobold Hunter)              Turns: 340, Time: 00:00:49

Health: -2/12      AC:  3    Str:  9    XL:     1   Next: 66%
Magic:  1/1        EV: 14    Int: 12    God:
Gold:   18         SH:  0    Dex: 15    Spells: 0/0 levels left

rFire   . . .      SeeInvis .   b - +0 short sword
rCold   . . .      Faith    .   (no shield)
rNeg    . . .      Spirit   .   c - +0 leather armour
rPois   +          Reflect  .   (no helmet)
rElec   .          Harm     .   (no cloak)
rCorr   .          Rampage  .   (no gloves)
Will    .....                   (no boots)
Stlth   +++.......              (no amulet)
HPRegen 0.04/turn               e - ring of poison resistance
MPRegen 0.07/turn               (no ring)

@: no status effects
A: small, no large weapons, nightstalker 3
a: no special abilities


You were on level 1 of the Dungeon.
You visited 1 branch of the dungeon, and saw 1 of its levels.

You collected 18 gold pieces.


Innate Abilities, Weirdness & Mutations

You are small and have problems with some larger weapons.
You are completely attuned to the shadows.


   Skills:
 - Level 2.1 Fighting
 * Level 1.0 Short Blades
 + Level 4.9 Crossbows
 - Level 2.4 Dodging
 + Level 1.6 Stealth


You couldn't memorise any spells.
You didn't know any spells.
Your spell library was empty.

Inventory:

Hand Weapons
 a - a +1 hand crossbow
 b - a +0 short sword (weapon)
Missiles
 d - 20 bolts
Armour
 c - a +0 leather armour (worn)
Jewellery
 e - a ring of poison resistance (left hand)
   (You found it on level 1 of the Dungeon)


Message History

A giant cockroach comes into view.
The giant cockroach bites you but does no damage.
You hit the giant cockroach but do no damage.
The giant cockroach barely misses you.
You hit the giant cockroach. The giant cockroach bites you.
The giant cockroach closely misses you.
You hit the giant cockroach.
The giant cockroach bites you but does no damage.
You hit the giant cockroach but do no damage.
The giant cockroach misses you.
You hit the giant cockroach.
You kill the giant cockroach!
No target in view!
No target in view!
You open the door.
There is an open door here.
Found 14 gold pieces.
No target in view!
A kobold comes into view. It is wielding a +0 short sword.
A kobold is nearby!
A kobold is nearby!
The helpless kobold fails to defend itself.
You hit the kobold.
You kill the kobold!
Your Short Blades skill increases to level 1!
You now have 18 gold pieces (gained 14).
An endoplasm comes into view.
The helpless endoplasm fails to defend itself.
You hit the endoplasm. The endoplasm freezes you.
You are frozen.
You hit the endoplasm but do no damage. The endoplasm freezes you.
You are frozen.
* * * LOW HITPOINT WARNING * * *
You hit the endoplasm but do no damage. The endoplasm freezes you.
You are frozen.
* * * LOW HITPOINT WARNING * * *
The endoplasm jiggles.
You aren't carrying any potions.
You aren't carrying any items that you can evoke.
Unknown command.
You barely miss the endoplasm. The endoplasm barely misses you.
You barely miss the endoplasm. The endoplasm hits you.
* * * LOW HITPOINT WARNING * * *
You hit the endoplasm. The endoplasm freezes you.
You are frozen.
You die...

#.###......########.# #.....##
#.# #......# ####.# #.....#
#.# #......# #....# #.#####
#.# ######## #.#### #.# ####.#
#.# #(# ...#.# #.# #.###
...#.##############.### #.#.#
............._.......>####.#.#
...............J@.#..........#
.......##########.#..........#
.............................#
.................#...........#
......)..........+...........#
.................#..#'####'#.#
.................+..#.# #.#.#
##....#..........##...# #.#.#
.... ####.#######...# #.#.#


You could see an endoplasm.

Vanquished Creatures
  A giant cockroach (D:1)
  2 bats (D:1)
  A kobold (D:1)
4 creatures vanquished.

Notes
Turn   | Place    | Note
-------+----------+-------------------------------------------
     0 | D:1      | Findor the Kobold Hunter began the quest for the Orb.
     0 | D:1      | Reached XP level 1. HP: 12/12 MP: 1/1
   177 | D:1      | Found Yvenuv's Book Shop.
   225 | D:1      | Found a faded altar of an unknown god.
   278 | D:1      | Reached skill level 1 in Short Blades
   294 | D:1      | HP: 1/12 [frozen (2)]
   339 | D:1      | HP: 2/12 [endoplasm (1)]
   340 | D:1      | Frozen to death by an endoplasm

Levels and vault maps discovered:
D:1:      dpeg_arrival_round_a, layout_basic, basic_ecumenical_altar,
          serial_shops, nicolae_shop_stone

Action                   || total
-------------------------++-------
Melee: Short sword       ||    17
 Fire: Hand crossbow     ||     1
 Stab: Sleeping          ||     2
Armor: Leather armour    ||     3
Dodge: Dodged            ||    11
